 Dungeon Crawl Stone Soup version 0.28-b1-1-g3c77fb2ed1 (webtiles) character file.

Game seed: 10942194310661095817

7 croobank the Magician (level 1, -1/14 HPs)
             Began as a Minotaur Hedge Wizard on Jan 30, 2022.
             Slain by a hobgoblin (4 damage)
             ... on level 1 of the Dungeon.
             The game lasted 00:00:58 (244 turns).

croobank the Magician (Minotaur Hedge Wizard)        Turns: 244, Time: 00:01:01

Health: -1/14      AC:  2    Str: 14    XL:     1   Next: 83%
Magic:  0/2        EV: 12    Int: 11    God:
Gold:   9          SH:  0    Dex:  9    Spells: 3/4 levels left

rFire   . . .      SeeInvis .   a - +0 dagger
rCold   . . .      Faith    .   (no shield)
rNeg    . . .      Spirit   .   b - +0 robe
rPois   .          Reflect  .   c - +0 hat
rElec   .          Harm     .   (no cloak)
rCorr   .          Rampage  .   (no gloves)
Will    .....                   (no boots)
Stlth   ++........              (no amulet)
HPRegen 0.04/turn               (no ring)
MPRegen 0.08/turn               (no ring)

@: no status effects
A: horns 2, retaliatory headbutt
a: no special abilities


You were on level 1 of the Dungeon.
You visited 1 branch of the dungeon, and saw 1 of its levels.

You collected 9 gold pieces.

Inventory:

Hand Weapons
 a - a +0 dagger (weapon)
Armour
 b - a +0 robe (worn)
 c - a +0 hat (worn)


   Skills:
 + Level 2.2 Dodging
 + Level 1.6 Stealth
 + Level 2.4 Spellcasting
 + Level 0.6 Conjurations
 + Level 0.6 Summonings
 + Level 0.6 Translocations


You had 3 spell levels left.
You knew the following spells:

 Your Spells              Type           Power      Damage    Failure   Level
a - Magic Dart            Conj           8%         1d3       22%         1

Your spell library contained the following spells:

 Spells                   Type           Power      Damage    Failure   Level
 Slow                     Hex            4%         N/A       28%         1
 Blink                    Tloc           4%         N/A       32%         2
 Call Imp                 Summ           2%         N/A       32%         2
 Conjure Flame            Conj/Fire      2%         6-21      58%         3
 Mephitic Cloud           Conj/Pois/Air  1%         N/A       61%         3


Dungeon Overview and Level Annotations

Branches:
Dungeon (1/15)

Altars:


Innate Abilities, Weirdness & Mutations

You have a pair of horns on your head.
You reflexively headbutt those who attack you in melee.


Message History

There is a stone staircase leading down here.
There is a stone staircase leading down here.
You closely miss the hobgoblin. Your headbutt misses the hobgoblin.
The hobgoblin hits you.
You hit the hobgoblin.
The hobgoblin is heavily wounded.
The hobgoblin hits you.
You barely miss the hobgoblin. Your headbutt misses the hobgoblin.
The hobgoblin is heavily wounded.
The hobgoblin hits you.
You barely miss the hobgoblin. Your headbutt misses the hobgoblin.
The hobgoblin is heavily wounded.
You closely miss the hobgoblin. Your headbutt misses the hobgoblin.
The hobgoblin closely misses you. The hobgoblin hits you.
Your magical contamination has completely faded away.
You hit the hobgoblin but do no damage.
You headbutt the hobgoblin, but do no damage.
The hobgoblin hits you but does no damage.
The hobgoblin closely misses you. You furiously retaliate!
You headbutt the hobgoblin. You barely miss the hobgoblin.
The hobgoblin is almost dead.
The hobgoblin barely misses you. You furiously retaliate!
You headbutt the hobgoblin. The hobgoblin closely misses you.
You closely miss the hobgoblin.
The hobgoblin is almost dead.
The hobgoblin completely misses you. The hobgoblin hits you.
You closely miss the hobgoblin.
The hobgoblin is almost dead.
The hobgoblin misses you. The hobgoblin hits you.
* * * LOW HITPOINT WARNING * * *
Casting: Magic Dart (safe; 22% risk of failure)
Confirm with . or Enter, or press ? or * to list all spells.
Aiming: Magic Dart (safe; 22% risk of failure)
Press: ? - help, Shift-Dir - straight line, f/p - hobgoblin
Aim: a hobgoblin (almost dead, 100% to hit)
The magic dart hits the hobgoblin but does no damage.
The hobgoblin is almost dead.
The hobgoblin hits you.
You die...

#..........
#####...#÷#....
#..............
....###..#.#.#..
... ##.#.#.# ..#
.. #...#.# ..# #
#...#.# ....
##..#.#....#
#g@#.#....#
##g#...?...
..######.#.......
...........#
.####............
#.............
##.##†#.#..... #.
#.#....... #.
#.#.#.....


You could see 2 hobgoblins.

Vanquished Creatures
  A dart slug (D:1)
  An endoplasm (D:1)
  A hobgoblin (D:1)
  2 rats (D:1)
5 creatures vanquished.

Notes
Turn   | Place    | Note
-------+----------+-------------------------------------------
     0 | D:1      | croobank the Minotaur Hedge Wizard began the quest for the
                  | Orb.
     0 | D:1      | Reached XP level 1. HP: 14/14 MP: 2/2
   244 | D:1      | Slain by a hobgoblin

Illustrated notes

Levels and vault maps discovered:
D:1:      tarquinn_simple_flora_water_f, layout_basic,
          shapermc_ecumenical_altar_ellora, minmay_pentomino_o4

Action                   || total
-------------------------++-------
Melee: Dagger            ||    19
       Headbutt          ||     2
 Cast: Magic Dart        ||     5
Armor: Robe              ||     1
Dodge: Dodged            ||    13
